 Dungeon Crawl Stone Soup version 0.32-a0-981-g384da2ce10 (webtiles) character file.

Game seed: 8189158929778655144

266 DrKenneth the Shield-Bearer (level 6, -5/56 HPs)
             Began as a Minotaur Fighter on Apr 21, 2024.
             Slain by DrKenneth's ghost (14 damage)
             ... on level 3 of the Dungeon.
             The game lasted 00:03:59 (2123 turns).

DrKenneth the Shield-Bearer (Minotaur Fighter)      Turns: 2123, Time: 00:03:59

Health: -5/56      AC:  7    Str: 23      XL:     6   Next: 0%
Magic:  5/5        EV:  8    Int:  5      God:
Gold:   163        SH:  4    Dex:  8 (9)  Spells: 5/5 levels left

rFire   . . .        a - +0 war axe
rCold   . . .        c - +0 buckler
rNeg    . . .        b - +0 scale mail
rPois   .            (helmet restricted)
rElec   .            (no cloak)
rCorr   .            (no gloves)
SInv    .            (no boots)
Will    .....        (no amulet) Stlth
                     (no ring)
HPRegen 0.29/turn    (no ring)
MPRegen 0.09/turn

%: no passive effects
@: mighty
A: horns 2, retaliatory headbutt
a: no special abilities


You were on level 3 of the Dungeon.
You visited 1 branch of the dungeon, and saw 3 of its levels.

You collected 163 gold pieces.

Inventory:

Hand Weapons
 a - a +0 war axe (weapon)
Armour
 b - a +0 scale mail (worn)
 c - a +0 buckler (worn)
Jewellery
 n - an amulet of regeneration
 s - a ring of resist corrosion
Scrolls
 h - a scroll of teleportation {unknown}
 j - a scroll of amnesia {unknown}
 l - a scroll of fog {unknown}
 m - a scroll of identify {unknown}
 o - a scroll of enchant armour {unknown}
 p - a scroll of revelation {unknown}
 q - a scroll of poison {unknown}
 r - a scroll of vulnerability {unknown}
Potions
 d - a potion of might
 e - a potion of heal wounds {unknown}
 f - a potion of attraction {unknown}
 g - a potion of degeneration {unknown}
 i - 2 potions of brilliance {unknown}
 k - a potion of lignification {unknown}


   Skills:
 + Level 5.0 Fighting
 + Level 4.3 Axes
 + Level 5.1 Armour
 + Level 5.1 Shields


You had 5 spell levels left.
You didn't know any spells.
Your spell library contained the following spells:

 Spells                   Type           Power      Damage    Failure   Level
 Freeze                   Ice            0%         1d3       83%         1
 Frozen Ramparts          Ice            0%         1d1       99%         3
 Hailstorm                Conj/Ice       0%         3d5       99%         3


Dungeon Overview and Level Annotations

Branches:
Dungeon (3/15)

Altars:
Okawaru

Portals:
Abyss: D:3

Annotations:
D:3 1 transporter, DrKenneth's ghost, amateur MiFi


Innate Abilities, Weirdness & Mutations

You have a pair of horns on your head.
You reflexively headbutt those who attack you in melee.


Message History

The crimson imp barely misses you. You furiously retaliate!
You headbutt the crimson imp.
You hit the crimson imp but do no damage.
The crimson imp is moderately wounded.
The crimson imp closely misses you. You block the crimson imp's attack.
The kobold shouts!
You hit the crimson imp but do no damage.
You headbutt the crimson imp.
The crimson imp is moderately wounded.
The crimson imp hits you.
You hit the crimson imp but do no damage.
Your headbutt misses the crimson imp.
The crimson imp is moderately wounded.
The crimson imp hits you but does no damage.
You hit the crimson imp.
The crimson imp is severely wounded.
The crimson imp hits you but does no damage.
The crimson imp closely misses you.
You miss the crimson imp. Your headbutt misses the crimson imp.
The crimson imp is heavily wounded.
The crimson imp blinks!
You closely miss the kobold. The kobold hits you but does no damage.
Space warps horribly around you!!
You slash the kobold!
You kill the kobold!
The crimson imp shouts, "Give up, thou foisting beetle-headed horn-beast!"
The crimson imp blinks!
You block DrKenneth's ghost's attack.
You have reached level 6!
You closely miss DrKenneth's ghost. DrKenneth's ghost hits you!
You hit DrKenneth's ghost but do no damage.
DrKenneth's ghost hits you.
* * * LOW HITPOINT WARNING * * *
You feel very mighty all of a sudden.
DrKenneth's ghost hits you but does no damage.
You closely miss DrKenneth's ghost. You block DrKenneth's ghost's attack.
You closely miss DrKenneth's ghost. DrKenneth's ghost hits you!
* * * LOW HITPOINT WARNING * * *
DrKenneth's ghost hits you but does no damage.
You completely miss DrKenneth's ghost. DrKenneth's ghost hits you!
You die...

.... #..###.##K####.##........##
....###..#.###.K###.#.#........##
.........#....##... #x#©.......##
.........##.#.# .? ##.##.........
.......[.#.##.#.###.#.##........
####......##.∩..##.#.?###........
...........##.#©#..##©##.....####
......#.....#!.W##..###......####
............#..#@#...............
..........###.##.##..............
#####.....# ##....#####..........
#....##.# ###..##.##.....####
#....#.# ##.#.....x#.....####
#....##.##..###.####.........
#.....###....####.........#..
###.........................#..
.............................###


You could see DrKenneth's ghost.

Vanquished Creatures
  A black bear (D:3)
  A quasit (D:3)
  An orc wizard (D:3)
  A gnoll (D:3)
  2 adders
  A ribbon worm (D:2)
  4 dart slugs
  3 orcs (D:3)
  5 ball pythons
  5 endoplasms
  A giant cockroach (D:3)
  7 goblins
  9 hobgoblins
  6 kobolds
  4 quokkas
  5 bats
  4 frilled lizards (D:1)
  8 rats
68 creatures vanquished.

Notes
Turn   | Place    | Note
-------+----------+-------------------------------------------
     0 | D:1      | DrKenneth the Minotaur Fighter began the quest for the Orb.
     0 | D:1      | Reached XP level 1. HP: 19/19 MP: 0/0
   131 | D:1      | Reached XP level 2. HP: 27/27 MP: 1/1
   644 | D:1      | Reached XP level 3. HP: 33/33 MP: 2/2
  1368 | D:2      | Reached XP level 4. HP: 36/40 MP: 3/3
  1629 | D:3      | Found a faded altar of an unknown god.
  1637 | D:3      | Found an iron altar of Okawaru.
  1809 | D:3      | Noticed a black bear
  1818 | D:3      | Killed a black bear
  1819 | D:3      | Reached XP level 5. HP: 37/47 MP: 4/4
  1821 | D:3      | Found a transporter.
  1821 | D:3      | Noticed a small abomination
  1862 | D:3      | Found a one-way gate to the infinite horrors of the Abyss.
  1862 | D:3      | Noticed DrKenneth's ghost (amateur MiFi)
  1863 | D:3      | Noticed an ancient zyme
  1951 | D:3      | Reached skill level 5 in Fighting
  1951 | D:3      | Reached skill level 5 in Armour
  1951 | D:3      | Reached skill level 5 in Shields
  2082 | D:3      | Found a transporter.
  2118 | D:3      | Reached XP level 6. HP: 33/56 MP: 5/5
  2123 | D:3      | Slain by DrKenneth's ghost

Illustrated notes

Levels and vault maps discovered:
D:1:      elethiomel_arrival_maze, layout_basic
D:2:      layout_basic, minmay_tromino_v4_b
D:3:      layout_basic, okawaru_trees_2, ebering_ecumenical_altar_webs,
          gammafunk_ghost_abyssal_escape, chequers_jeans,
          kennysheep_generic_room_16

Skill      XL: |  1  2  3  4  5 |
---------------+----------------+-----
Armour         | 4 5 |  5.1
Shields        | 4 5 |  5.1
Fighting       | 4 5 |  5.0
Axes           | 3 4 |  4.3

Action                     |  1- 3 |  4- 6 || total
---------------------------+-------+-------++-------
  Melee: War axe           |    92 |    63 ||   155
         Headbutt          |     9 |    10 ||    19
    Use: Potion            |       |     1 ||     1
 Armour: Scale mail        |    66 |    91 ||   157
  Dodge: Dodged            |    50 |    41 ||    91
  Block: Buckler           |    18 |    17 ||    35

Table legend: (Time is in decaauts)
 A = Elapsed time spent in this place.
 B = Non-inter-level travel time spent in this place.
 C = Inter-level travel time spent in this place.
 D = Time resting spent in this place.
 E = Time spent auto-exploring this place.
 F = Levels seen in this place.
 G = Mean time per level.
                   A        B        C        D        E       F      G
               +--------+--------+--------+--------+--------+-----+--------+
         Total |   2178 |   1980 |    198 |    133 |   1404 |   3 |  726.0 |
       Dungeon |   2178 |   1980 |    198 |    133 |   1404 |   3 |  726.0 |
               +--------+--------+--------+--------+--------+-----+--------+

Top non-repeatable levels by time:
     D:1: 860 daAuts
     D:2: 804 daAuts
     D:3: 512 daAuts
